 Dungeon Sprint DCSS version 0.26.1-11-gd32895ea62 (webtiles) character file.

Game seed: 257277031615603825

1471 Patoropollo the Spry (level 8, -4/39 HPs)
             Began as a Felid Berserker on June 2, 2021.
             Was the Champion of Trog.
             Engulfed by a cloud of freezing vapour (19 damage)
             ... in the Dungeon (Sprint I: "Red Sonja").
             The game lasted 00:07:24 (1425 turns).

Patoropollo the Spry (Felid Berserker)              Turns: 1425, Time: 00:07:24

Health: -4/39      AC:  2    Str: 14    XL:     8   Next: 49%
Magic:  9/9        EV: 34    Int:  9    God:    Trog [******]
Gold:   1151       SH:  0    Dex: 20    Spells: 7/7 levels left
                                        Lives:  0   Deaths: 2

rFire    . . .     SeeInvis +     - Unarmed
rCold    . . .     Faith    .   (shield unavailable)
rNeg     . . .     Spirit   .   (armour unavailable)
rPois    .         Reflect  .   (helmet unavailable)
rElec    .         Harm     .   (cloak unavailable)
rCorr    .         Rampage  .   (gloves unavailable)
Will     +....     Rnd*Rage +   (boots unavailable) Stlth ++........NoTele +
                                (no amulet)
HPRegen  0.13/turn              (no ring)
MPRegen  0.11/turn              (no ring)

@: quick
A: very small, no armour, no weapons or thrown items, stealth, claws 1, fangs 3,
see invisible, agile 2, berserk 1, speed 1, frail 2, mutation resistance 1,
shaggy fur 2, weak 1, sharp paws
a: Renounce Religion, Berserk, Trog's Hand, Brothers in Arms


You were in the Dungeon.
You worshipped Trog.
Trog was exalted by your worship.
You visited 1 branch You collected 1389 gold pieces.
You spent 238 gold pieces at shops.

Inventory:

Wands
 e - a wand of random effects (19)
Scrolls
 c - a scroll of identify {unknown}
 f - a scroll of blinking
 h - a scroll of holy word {unknown}
Potions
 a - 6 potions of curing
 b - 3 potions of heal wounds
 d - 2 potions of magic


   Skills:
 + Level 14.4 Fighting
 + Level 18.0 Dodging
 + Level 14.4 Unarmed Combat


You had 7 spell levels left.
You didn't know any spells.
Your spell library was empty.

Dungeon Overview and Level Annotations

Branches:
Dungeon (1/1)

Altars:
Cheibriados
Dithmenos
Elyvilon
Fedhas
Gozag
Hepliaklqana
Kikubaaqudgha
Makhleb
Nemelex Xobeh
Okawaru
Qazlal
Ru
Sif Muna
Trog
Uskayaw
Vehumet
Wu Jian
Xom
Yredelemnul
Zin
The Shining One
Jiyva
Lugonu

Shops:
D ?=*!}![


Innate Abilities, Weirdness & Mutations

You cannot wear armour.
You are incapable of wielding weapons or throwing items.
Your paws allow you to move quietly. (Stealth)
You have sharp claws.
You have razor-sharp teeth.
You have supernaturally acute eyesight. (SInv)
You cover ground quickly.
You are covered in thick fur. (AC +2)
Your sharp claws are effective at attacking unaware monsters.
You are very agile. (Dex +4)
You tend to lose your temper in combat.
You are very frail. (-20% HP)
You are somewhat resistant to further mutation.
You are weak. (Str -2)


Message History

You are now level 8!
You rejoin the land of the living...
Unknown command.
Unknown command.
Unknown command.
Unknown command.
Really walk into that cloud of freezing vapour? [Y]es or [N]o only, please.
Really walk into that cloud of freezing vapour?
You are engulfed in freezing vapours.
You now have 1043 gold pieces (gained 27).
You see here the felid corpse of Patoropollo.
You now have 1070 gold pieces (gained 27).
You are engulfed in freezing vapours.
You see here 27 gold pieces.
You now have 1097 gold pieces (gained 27).
You now have 1124 gold pieces (gained 27).
You now have 1151 gold pieces (gained 27).
You are engulfed in freezing vapours.
You die...

##+###
#).(.###
##++
##'###(##
#.○##
.[...'.∩#
####○○###
#########
#$$#..#.###
#
#$$$°.....#
#
#$$$......#
#
+$☼.$.†####
# ##@○$###
# #####


There were no monsters in sight!

Vanquished Creatures
  Sonja (D)
  A deep troll (D)
  8 shining eyes (D)
  2 kobold demonologists (D)
  A slime creature (D)
  Sigmund (D)
  A yak (D)
  5 floating eyes (D)
  An ogre (D)
  A jelly (D)
  Ijyb (D)
23 creatures vanquished.

Vanquished Creatures (others)
  A gargoyle (D)
  2 ballistomycete spores (D)
3 creatures vanquished.

Grand Total: 26 creatures vanquished

Notes
Turn   | Place    | Note
-------+----------+-------------------------------------------
     0 | D        | Patoropollo the Felid Berserker began the quest for the
                  | Orb.
     0 | D        | Reached XP level 1. HP: 10/10 MP: 2/2
     1 | D        | Noticed Ijyb
    10 | D        | Killed Ijyb
    11 | D        | Reached skill level 5 in Dodging
    11 | D        | Reached XP level 2. HP: 15/15 MP: 3/3
    23 | D        | Noticed an ogre
    31 | D        | Killed an ogre
    32 | D        | Reached skill level 8 in Dodging
    32 | D        | Reached XP level 3. HP: 20/20 MP: 4/4
    32 | D        | Reached XP level 4. HP: 24/24 MP: 5/5
    42 | D        | Noticed Sigmund
    75 | D        | Killed Sigmund
    75 | D        | Reached ** piety under Trog
    76 | D        | Reached skill level 10 in Dodging
    76 | D        | Reached XP level 5. HP: 19/29 MP: 6/6
   196 | D        | Found an ornate altar of the Wu Jian Council.
   196 | D        | Found a shimmering blue altar of Sif Muna.
   198 | D        | Found a radiant altar of Vehumet.
   206 | D        | Gained mutation: You are covered in thick fur. (AC +2)
                  | [Felid growth]
   206 | D        | Reached XP level 6. HP: 16/33 MP: 7/7
   403 | D        | Found Cadeq's Distillery.
   403 | D        | Found an ancient bone altar of Kikubaaqudgha.
   403 | D        | Found a hazy altar of Hepliaklqana.
   403 | D        | Found a hide-covered altar of Uskayaw.
   403 | D        | Found a basalt altar of Yredelemnul.
   403 | D        | Found an opulent altar of Gozag.
   403 | D        | Found a snail-covered altar of Cheibriados.
   403 | D        | Found a sacrificial altar of Ru.
   403 | D        | Found a shadowy altar of Dithmenos.
   403 | D        | Noticed a yak
   404 | D        | Found a stormy altar of Qazlal.
   404 | D        | Found a blossoming altar of Fedhas.
   404 | D        | Found a bloodstained altar of Trog.
   404 | D        | Found an iron altar of Okawaru.
   404 | D        | Found a glowing golden altar of the Shining One.
   404 | D        | Found a glowing silver altar of Zin.
   404 | D        | Found a white marble altar of Elyvilon.
   411 | D        | Killed a yak
   412 | D        | Reached skill level 11 in Dodging
   412 | D        | Found a sparkling altar of Nemelex Xobeh.
   431 | D        | Found a burning altar of Makhleb.
   431 | D        | Found a viscous altar of Jiyva.
   431 | D        | Found a shimmering altar of Xom.
   431 | D        | Found a corrupted altar of Lugonu.
   431 | D        | Noticed a slime creature
   439 | D        | Killed a slime creature
   439 | D        | Reached *** piety under Trog
   440 | D        | Reached skill level 12 in Dodging
   440 | D        | Reached XP level 7. HP: 12/38 MP: 8/8
   700 | D        | Noticed a kobold demonologist
   701 | D        | Noticed a kobold demonologist
   709 | D        | Killed a kobold demonologist
   710 | D        | Reached skill level 10 in Fighting
   710 | D        | Reached skill level 13 in Dodging
   710 | D        | Reached skill level 10 in Unarmed Combat
   712 | D        | Killed a kobold demonologist
   712 | D        | Reached **** piety under Trog
   713 | D        | Reached XP level 8. HP: 45/45 MP: 9/9
   734 | D        | Bought 2 potions of heal wounds for 140 gold pieces
   734 | D        | Bought a potion of might for 56 gold pieces
   734 | D        | Bought a potion of curing for 42 gold pieces
   750 | D        | Killed a gargoyle
   785 | D        | Noticed Sonja
   793 | D        | Killed Sonja
   794 | D        | Reached skill level 14 in Dodging
  1039 | D        | Noticed a deep troll
  1049 | D        | Killed a deep troll
  1050 | D        | Reached skill level 15 in Dodging
  1050 | D        | Reached XP level 9. HP: 49/49 MP: 10/10
  1060 | D        | Found Uwyud's Armour Emporium.
  1079 | D        | Found Jery's Magic Scroll Boutique.
  1133 | D        | Noticed a shining eye
  1133 | D        | Noticed a shining eye
  1133 | D        | Noticed a shining eye
  1133 | D        | Noticed a shining eye
  1133 | D        | Noticed a shining eye
  1133 | D        | Noticed a shining eye
  1137 | D        | Paralysed by a floating eye for 2 turns
  1141 | D        | Killed a shining eye
  1141 | D        | Reached ***** piety under Trog
  1144 | D        | Reached skill level 16 in Dodging
  1146 | D        | Gained mutation: You are weak. (Str -2) [a shining eye]
  1148 | D        | Paralysed by a floating eye for 4 turns
  1150 | D        | Gained mutation: You are agile. (Dex +2) [a shining eye]
  1152 | D        | Gained mutation: You are very agile. (Dex +4) [a shining
                  | eye]
  1153 | D        | Gained mutation: You are frail. (-10% HP) [a shining eye]
  1155 | D        | Killed a shining eye
  1159 | D        | Killed a shining eye
  1161 | D        | Gained mutation: You are very frail. (-20% HP) [a shining
                  | eye]
  1161 | D        | Paralysed by a floating eye for 4 turns
  1164 | D        | Gained mutation: You tend to lose your temper in combat. [a
                  | shining eye]
  1166 | D        | Killed a shining eye
  1167 | D        | Reached skill level 17 in Dodging
  1167 | D        | Reached XP level 10. HP: 44/44 MP: 11/11
  1169 | D        | Killed a shining eye
  1169 | D        | Paralysed by a floating eye for 4 turns
  1172 | D        | Gained mutation: You are somewhat resistant to further
                  | mutation. [a shining eye]
  1177 | D        | Killed a shining eye
  1182 | D        | Noticed a shining eye
  1182 | D        | Noticed a shining eye
  1202 | D        | Killed a shining eye
  1205 | D        | Killed a shining eye
  1205 | D        | Reached ****** piety under Trog
  1206 | D        | Reached skill level 18 in Dodging
  1284 | D        | Found Ruewk's Jewellery Shoppe.
  1284 | D        | Found Kiuw Bokeu's Gadget Shop.
  1284 | D        | Found Sietzuc's General Store.
  1284 | D        | Found Rilyveec's Distillery.
  1374 | D        | HP: 1/67 [demonic crawler (10)]
  1374 | D        | Slain by a demonic crawler
  1375 | D        | Reached XP level 9. HP: -3/61 MP: 10/10
  1413 | D        | Engulfed by a cloud of freezing vapour
  1414 | D        | Reached XP level 8. HP: -5/39 MP: 9/9
  1425 | D        | Engulfed by a cloud of freezing vapour

Illustrated notes

Levels and vault maps discovered:
D:        dungeon_sprint_1 [red_sonja_temple_1, red_sonja_temple_small_1]

Skill      XL: |  1  2  3  4  5  6  7  8  9 10 |
---------------+-------------------------------+-----
Fighting       | 4 6 7 8 9 11 12 13 14 | 14.4
Dodging        | 5 8 10 12 13 15 17 18 | 18.0
Unarmed Combat | 4 6 7 8 9 10 12 13 14 | 14.4

Action                   |  1- 3 |  4- 6 |  7- 9 | 10-12 || total
-------------------------+-------+-------+-------+-------++-------
Melee: Unarmed           |    14 |    31 |    38 |    19 ||   102
       Bite              |       |     6 |     4 |     3 ||    13
       Punch             |       |       |     5 |     4 ||     9
Invok: Berserk           |     1 |     2 |     2 |     1 ||     6
  Use: Potion            |       |       |     3 |     2 ||     5
 Stab: Sleeping          |     1 |     2 |       |       ||     3
Armor: Skin              |       |       |     1 |       ||     1
Dodge: Dodged            |     7 |    27 |    25 |    13 ||    72
